 Dungeon Crawl Stone Soup version 0.27-a0-1193-g8631133539 (webtiles) character file.

Game seed: 3397346874694462313

2381 flyleaff the Ducker (level 9, -1/74 HPs)
             Began as a Gnoll Monk on May 25, 2021.
             Was a Priest of Okawaru.
             Slain by an orc warrior
             ... wielding a +0 war axe
              (4 damage)
             ... in a bailey on May 26, 2021.
             The game lasted 00:23:39 (8124 turns).

flyleaff the Ducker (Gnoll Monk)                    Turns: 8124, Time: 00:23:40

Health: -1/74      AC:  5    Str: 14    XL:     9   Next: 45%
Magic:  13/15      EV: 18    Int: 12    God:    Okawaru [***...]
Gold:   427        SH:  0    Dex: 14    Spells: 14/16 levels left

rFire    . . .     SeeInvis .   c - +2 whip (elec)
rCold    . . .     Faith    .   (no shield)
rNeg     . . .     Spirit   .   g - +0 leather armour
rPois    .         Reflect  .   (no helmet)
rElec    .         Harm     .   (no cloak)
rCorr    .         Rampage  .   (no gloves)
Will     .....                  k - +0 pair of boots
Stlth    ++++......             (no amulet)
HPRegen  0.22/turn              q - ring of flight
MPRegen  0.14/turn              (no ring)

@: heroic, marked, flying, very slightly contaminated, invisible
A: fangs 1, strong nose, distributed training, strong 1
a: Renounce Religion, Heroism


You were in a bailey.
You worshipped Okawaru.
Okawaru was most pleased with you.
You visited 1 branch of the dungeon, and saw 7 of its levels.
You also visited: Bailey.

You collected 427 gold pieces.

Inventory:

Hand Weapons
 a - a +0 falchion
 c - a +2 whip of electrocution (weapon)
 o - a +0 long sword
Missiles
 e - 174 stones
 i - 97 arrows
 j - 52 sling bullets
 l - a throwing net
 m - 28 bolts
 n - 65 poisoned darts (quivered)
Armour
 b - a +0 robe
 g - a +0 leather armour (worn)
 k - a +0 pair of boots (worn)
 p - a +0 ring mail
Magical Staves
 d - a staff of conjuration
 r - a staff of cold
Jewellery
 q - a ring of flight (left hand)
Wands
 t - a wand of iceblast (7)
 u - a wand of paralysis (7)
Scrolls
 v - a scroll of identify
 w - 2 scrolls of amnesia
Potions
 f - a potion of resistance


   Skills:
 + Level 7.9(12.9) Fighting
 + Level 4.2(9.2) Short Blades
 + Level 7.9(12.9) Long Blades
 + Level 4.2(9.2) Axes
 + Level 4.2(9.2) Maces & Flails
 + Level 4.2(9.2) Polearms
 + Level 4.2(9.2) Staves
 + Level 4.2(9.2) Slings
 + Level 4.2(9.2) Bows
 + Level 4.2(9.2) Crossbows
 + Level 4.2(9.2) Throwing
 + Level 4.2(9.2) Armour
 + Level 7.9(12.9) Dodging
 + Level 6.0(11.0) Stealth
 + Level 4.2(9.2) Shields
 + Level 4.2(9.2) Unarmed Combat
 + Level 4.2 Spellcasting
 + Level 3.5 Conjurations
 + Level 3.5 Hexes
 + Level 3.5 Summonings
 + Level 3.5 Necromancy
 + Level 3.5 Translocations
 + Level 3.5 Transmutations
 + Level 3.5 Fire Magic
 + Level 3.5 Ice Magic
 + Level 3.5 Air Magic
 + Level 3.5 Earth Magic
 + Level 3.5 Poison Magic
 + Level 4.7 Invocations
 + Level 4.2 Evocations


You had 14 spell levels left.
You knew the following spells:

 Your Spells              Type           Power      Damage    Failure   Level
a - Call Imp              Summ           10%        N/A       10%         2

Your spell library contained the following spells:

 Spells                   Type           Power      Damage    Failure   Level
 Animate Skeleton         Necr           20%        N/A       6%          1
 Apportation              Tloc           20%        N/A       6%          1
 Corona                   Hex            11%        N/A       6%          1
 Summon Small Mammal      Summ           40%        N/A       6%          1
 Call Canine Familiar     Summ           10%        N/A       19%         3
 Summon Guardian Golem    Hex/Summ       10%        N/A       19%         3
 Summon Ice Beast         Ice/Summ       10%        N/A       52%         4
 Summon Lightning Spire   Summ/Air       10%        N/A       52%         4


Dungeon Overview and Level Annotations

Branches:
Dungeon (7/15)             Temple (0/1) D:7          Bailey (1/1)

Altars:
Ashenzari
Cheibriados
Elyvilon
Fedhas
Hepliaklqana
Kikubaaqudgha
Okawaru
Qazlal
Trog
Xom

Shops:
D:5 :

Annotations:
D:6 1 runed translucent door


Innate Abilities, Weirdness & Mutations

You have very sharp teeth.
Your uncanny sense of smell can sniff out nearby items.
Your experience applies equally to all skills.
Your muscles are strong. (Str +2)


Message History

The iceblast engulfs the hobgoblin!
You kill the hobgoblin!
Okawaru accepts your kill.
The iceblast engulfs the orc warrior!
You kill the orc warrior!
Okawaru accepts your kill.
The iceblast engulfs the orc warrior!
The orc warrior is moderately wounded.
The iceblast engulfs you!!
* * * LOW HITPOINT WARNING * * *
The iceblast engulfs the hobgoblin!
You kill the hobgoblin!
Okawaru accepts your kill.
The iceblast engulfs the orc warrior!
The orc warrior is heavily wounded.
The orc warrior barely misses you.
Unknown command.
Unknown command.
Unknown command.
Aiming: Iceblast
Press: ? - help, Shift-Dir - straight line, f - hobgoblin
Aim: a hobgoblin, wielding a +0 hand axe and wearing a +0 leather armour The mass of ice explodes!
The iceblast engulfs the hobgoblin!!
You kill the hobgoblin!
Okawaru accepts your kill.
The iceblast engulfs the orc warrior!
The orc warrior is severely wounded.
The orc warrior misses you.
A goblin comes into view. It is wielding a +0 hand axe.
The orc warrior hits you with a +0 war axe!!
* * * LOW HITPOINT WARNING * * *
Unknown command.
Unknown command.
Unknown command.
Okay, then.
Okay, then.
You gain the combat prowess of a mighty hero.
The orc warrior closely misses you.
The orc warrior hits you with a +0 war axe.
You die... .≈.≈K ##≈.≈## K≈g≈K

#≈.≈#
≈g≈
##'##
##)g)##
#8)o)8#
##)@o##
##8##
###


You could see 2 orc warriors, 2 hobgoblins and a goblin.

Vanquished Creatures
  Grinder (D:5)
  An ice beast (D:6)
  2 orc warriors (Bailey)
  A sky beast (D:6)
  2 black bears (D:6)
  A necrophage (D:7)
  2 ogres (D:5)
  A centaur (D:6)
  A kobold brigand (D:6)
  A bullfrog (D:6)
  Blork the orc (D:5)
  7 scorpions
  3 hounds
  3 jellies (D:5)
  An orc priest (D:6)
  2 bullfrog skeletons
  3 iguanas
  An orc wizard (D:4)
  2 killer bee zombies
  2 hound skeletons
  6 gnolls
  6 adders
  A howler monkey skeleton (D:7)
  2 shadow imps (D:6)
  An adder skeleton (D:5)
  3 dart slugs
  5 orcs
  4 ball pythons
  9 endoplasms
  8 giant cockroaches
  13 goblins
  9 hobgoblins
  9 jackals
  8 quokkas
  3 bats (D:1)
  A frilled lizard (D:1)
  18 kobolds
  4 rats
148 creatures vanquished.

Vanquished Creatures (collateral kills)
  2 gnolls (D:4)
2 creatures vanquished.

Grand Total: 150 creatures vanquished

Notes
Turn   | Place    | Note
-------+----------+-------------------------------------------
     0 | D:1      | flyleaff the Gnoll Monk began the quest for the Orb.
     0 | D:1      | Reached XP level 1. HP: 23/23 MP: 1/1
   201 | D:1      | Reached XP level 2. HP: 16/29 MP: 2/2
   752 | D:1      | Reached XP level 3. HP: 35/35 MP: 3/3
  1222 | D:2      | Found an ancient bone altar of Kikubaaqudgha.
  1300 | D:2      | Reached skill level 1 in Invocations
  1555 | D:2      | Learned a level 2 spell: Call Imp
  1594 | D:2      | Reached skill level 1 in Short Blades
  1594 | D:2      | Reached skill level 1 in Axes
  1594 | D:2      | Reached skill level 1 in Maces & Flails
  1594 | D:2      | Reached skill level 1 in Polearms
  1594 | D:2      | Reached skill level 1 in Staves
  1594 | D:2      | Reached skill level 1 in Slings
  1594 | D:2      | Reached skill level 1 in Bows
  1594 | D:2      | Reached skill level 1 in Crossbows
  1594 | D:2      | Reached skill level 1 in Throwing
  1594 | D:2      | Reached skill level 1 in Armour
  1594 | D:2      | Reached skill level 1 in Shields
  1594 | D:2      | Reached skill level 1 in Unarmed Combat
  1594 | D:2      | Reached skill level 1 in Spellcasting
  1594 | D:2      | Reached skill level 1 in Evocations
  1615 | D:2      | Reached XP level 4. HP: 41/41 MP: 5/5
  2364 | D:3      | Reached skill level 1 in Conjurations
  2364 | D:3      | Reached skill level 1 in Hexes
  2364 | D:3      | Reached skill level 1 in Summonings
  2364 | D:3      | Reached skill level 1 in Necromancy
  2364 | D:3      | Reached skill level 1 in Translocations
  2364 | D:3      | Reached skill level 1 in Transmutations
  2364 | D:3      | Reached skill level 1 in Fire Magic
  2364 | D:3      | Reached skill level 1 in Ice Magic
  2364 | D:3      | Reached skill level 1 in Air Magic
  2364 | D:3      | Reached skill level 1 in Earth Magic
  2364 | D:3      | Reached skill level 1 in Poison Magic
  2738 | D:3      | Reached XP level 5. HP: 35/47 MP: 5/7
  2828 | D:3      | Found a white marble altar of Elyvilon.
  2828 | D:3      | Found a shimmering altar of Xom.
  2830 | D:3      | Found a broken altar of Ashenzari.
  2830 | D:3      | Found a hazy altar of Hepliaklqana.
  2830 | D:3      | Found a stormy altar of Qazlal.
  2830 | D:3      | Found a blossoming altar of Fedhas.
  2831 | D:3      | Found a snail-covered altar of Cheibriados.
  2879 | D:3      | Found a faded altar of an unknown god.
  3711 | D:4      | Reached XP level 6. HP: 53/53 MP: 8/8
  4569 | D:5      | Entered Level 5 of the Dungeon
  4629 | D:5      | Reached XP level 7. HP: 59/59 MP: 10/10
  4855 | D:5      | Noticed Blork the orc
  4857 | D:5      | Killed Blork the orc
  4858 | D:5      | Reached skill level 5 in Stealth
  4966 | D:5      | Found Egeiskie's Book Shop.
  5013 | D:5      | Noticed Grinder
  5028 | D:5      | Killed Grinder
  5029 | D:5      | Reached XP level 8. HP: 23/67 MP: 10/12
  5491 | D:5      | Found a bloodstained altar of Trog.
  5492 | D:5      | Found an iron altar of Okawaru.
  5548 | D:5      | Became a worshipper of Warmaster Okawaru
  5548 | D:5      | Reached * piety under Okawaru
  5548 | D:5      | Reached ** piety under Okawaru
  6230 | D:6      | Found a runed translucent door.
  6232 | D:6      | Found a runed translucent door.
  6274 | D:6      | HP: 2/67 [scorpion (6)]
  6586 | D:6      | Gained mutation: You possess an exceptional clarity of
                  | mind. [potion of mutation]
  6586 | D:6      | Lost mutation: You possess an exceptional clarity of mind.
                  | [potion of mutation]
  6586 | D:6      | Gained mutation: Your muscles are strong. (Str +2) [potion
                  | of mutation]
  6599 | D:6      | Reached XP level 9. HP: 72/72 MP: 14/14
  7141 | D:6      | Reached *** piety under Okawaru
  7973 | D:7      | Found a staircase to the Ecumenical Temple.
  8003 | D:7      | Found a flagged portal.
  8019 | Bailey   | Entered a bailey
  8123 | Bailey   | HP: 3/74 [orc warrior/+0 war axe (20)]
  8124 | Bailey   | Slain by an orc warrior

Illustrated notes

Levels and vault maps discovered:
D:1:      dpeg_arrival_signposts, layout_rooms, minivault_26
D:2:      layout_loops_ring, basic_altar, corexii_corridor_pit, minmay_circle_x
D:3:      layout_loops_ring, grunt_temple_overflow_open,
          chequers_ecumenical_altar_island, minivault_25, grunt_ministairs_6
D:4:      layout_basic
D:5:      layout_loops_ring, grunt_temple_overflow_bloody_war, serial_shops,
          kennysheep_little_box, uniq_grinder, uniq_blork_the_orc
D:6:      lemuel_insect_pit, layout_loops_ring
D:7:      layout_basic, minmay_temple_entry_glass, enter_bailey_3,
          chequers_serial_rivers_large_a
Bailey:   bailey_axe_1, bailey

Skill      XL: |  1  2  3  4  5  6  7  8  9 |
---------------+----------------------------+-----
Invocations    | 1 2 3 4 |  4.7
Short Blades   | 1 2 3 4 |  4.2
Axes           | 1 2 3 4 |  4.2
Maces & Flails | 1 2 3 4 |  4.2
Polearms       | 1 2 3 4 |  4.2
Staves         | 1 2 3 4 |  4.2
Slings         | 1 2 3 4 |  4.2
Bows           | 1 2 3 4 |  4.2
Crossbows      | 1 2 3 4 |  4.2
Throwing       | 1 2 3 4 |  4.2
Armour         | 1 2 3 4 |  4.2
Shields        | 1 2 3 4 |  4.2
Unarmed Combat | 1 2 3 4 |  4.2
Spellcasting   | 1 2 3 4 |  4.2
Evocations     | 1 2 3 4 |  4.2
Conjurations   | 1 2 3 |  3.5
Hexes          | 1 2 3 |  3.5
Summonings     | 1 2 3 |  3.5
Necromancy     | 1 2 3 |  3.5
Translocations | 1 2 3 |  3.5
Transmutations | 1 2 3 |  3.5
Fire Magic     | 1 2 3 |  3.5
Ice Magic      | 1 2 3 |  3.5
Air Magic      | 1 2 3 |  3.5
Earth Magic    | 1 2 3 |  3.5
Poison Magic   | 1 2 3 |  3.5
Fighting       | 7 |  7.9
Long Blades    | 7 |  7.9
Dodging        | 7 |  7.9
Stealth        | 5 6 |  6.0

Action                   |  1- 3 |  4- 6 |  7- 9 || total
-------------------------+-------+-------+-------++-------
Melee: Whip              |    98 |   108 |   168 ||   374
       Falchion          |     8 |       |       ||     8
       Bite              |     5 |     4 |    14 ||    23
       Punch             |       |       |     1 ||     1
Throw: Dart              |       |    65 |    17 ||    82
 Cast: Call Imp          |       |     2 |     4 ||     6
Invok: Heroism           |       |       |     1 ||     1
Evoke: Wand              |       |       |     8 ||     8
  Use: Scroll            |     4 |     5 |     4 ||    13
       Potion            |       |     5 |     6 ||    11
 Stab: Sleeping          |     7 |    10 |     2 ||    19
       Distracted        |       |     1 |     1 ||     2
       Invisible         |       |       |     2 ||     2
Armor: Robe              |     8 |     5 |       ||    13
       Leather armour    |       |    14 |    30 ||    44
Dodge: Dodged            |    71 |    63 |   154 ||   288
       Rpst.: Falchion   |     2 |       |       ||     2

Table legend: (Time is in decaauts)
 A = Elapsed time spent in this place.
 B = Non-inter-level travel time spent in this place.
 C = Inter-level travel time spent in this place.
 D = Time resting spent in this place.
 E = Time spent auto-exploring this place.
 F = Levels seen in this place.
 G = Mean time per level.
                   A        B        C        D        E       F      G
               +--------+--------+--------+--------+--------+-----+--------+
         Total |   8118 |   7867 |    251 |   1107 |   5388 |   8 | 1014.8 |
       Dungeon |   8014 |   7763 |    251 |   1032 |   5388 |   7 | 1144.9 |
        Bailey |    103 |    103 |      0 |     75 |      0 |   1 |  103.0 |
               +--------+--------+--------+--------+--------+-----+--------+

Top non-repeatable levels by time:
     D:6: 1883 daAuts
     D:3: 1359 daAuts
     D:1: 1225 daAuts
     D:5: 1188 daAuts
     D:4: 1177 daAuts
     D:2: 809 daAuts
     D:7: 371 daAuts
  Bailey: 103 daAuts
